 Dungeon Crawl Stone Soup version 0.13-a0-2700-g8dc4729 (webtiles) character file.

1147 Rycklaryybbe the Covert (level 7, -3/34 HPs)
             Began as a Spriggan Warper on Aug 16, 2013.
             Was a Follower of Fedhas.
             Slain by a centaur (6 damage)
             ... on Level 6 of the Dungeon.
             The game lasted 00:28:11 (8565 turns).

Rycklaryybbe the Covert (Spriggan Warper)           Turns: 8565, Time: 00:28:13

HP  -3/34        AC  3     Str  8      XL: 7   Next: 77%
MP  20/20        EV 21     Int 15      God: Fedhas [*.....]
Gold 258         SH  0     Dex 20      Spells:  5 memorised,  4 levels left

Res.Fire  : + . .   See Invis. : +   a - +1,+0 short sword
Res.Cold  : . . .   Warding    : .   g - +0 elf robe
Life Prot.: . . .   Conserve   : .   (shield restricted)
Res.Poison: .       Res.Corr.  : .   (helmet restricted)
Res.Elec. : .       Clarity    : +   f - +0 cloak
Sust.Abil.: . .     Spirit.Shd : .   (gloves unavailable)
Res.Mut.  : .       Stasis     : .   (boots unavailable)
Res.Rott. : .       Flight     : .   n - amulet of clarity
Saprovore : . . .                    H - +4 ring of dexterity
                                     Q - ring of protection from fire

@: very quick, somewhat resistant to hostile enchantments, extremely stealthy
A: unfitting armour, see invisible, herbivore 3, speed 3, slow metabolism 2
a: Evolution, Renounce Religion


You were on level 6 of the Dungeon.
You worshipped Fedhas.
Fedhas was pleased with you.
You were hungry.

You visited 1 branch of the dungeon, and saw 6 of its levels.

You collected 208 gold pieces.

Inventory:

Hand weapons
 a - a +1,+0 short sword (weapon)
 r - a +0,+0 crossbow
 O - a +0,+0 dagger (quivered)
Missiles
 k - 7 arrows of flame
 q - 18 poisoned needles
 z - 8 arrows of frost
 A - 46 sling bullets
 R - 11 darts
Armour
 b - a +0 robe
 f - a +0 cloak (worn)
 g - a +0 elven robe (worn)
 s - a +0 orcish cloak
Magical devices
 P - a wand of slowing (19) {unknown}
Comestibles
 t - a choko
 B - 6 bread rations
 E - a banana
 F - a slice of pizza
Scrolls
 d - a scroll of blinking
 i - 5 scrolls of remove curse {unknown}
 j - a scroll of curse weapon
 l - 5 scrolls of teleportation
 m - 2 scrolls of curse jewellery {unknown}
 o - a scroll of enchant weapon I
 p - a scroll of fear {unknown}
 v - a scroll of noise {unknown}
 y - 3 scrolls of amnesia {unknown}
 D - 2 scrolls of random uselessness {unknown}
 L - 2 scrolls of recharging {unknown}
 S - a scroll of fog {unknown}
 T - a scroll of curse armour {unknown}
Jewellery
 n - an amulet of clarity (around neck)
 w - an uncursed ring of see invisible
 x - an uncursed amulet of the gourmand
 H - a +4 ring of dexterity (right hand)
 K - an uncursed amulet of inaccuracy
 Q - a ring of protection from fire (left hand)
Potions
 e - a potion of berserk rage {unknown}
 h - 2 potions of confusion {unknown}
 u - a potion of magic {unknown}
 C - a potion of flight {unknown}
 G - a potion of poison {unknown}
 I - a potion of restore abilities {unknown}
 J - a potion of degeneration {unknown}
 M - 3 potions of curing {unknown}
 N - a potion of resistance
 U - a potion of agility {unknown}
Books
 c - a book of Spatial Translocations

   Spells                             Type                      Level
   *Apportation                       Translocation                1
   *Portal Projectile                 Translocation                2
   *Blink                             Translocation                2
   *Shroud of Golubria                Charms/Translocation         2
   *Teleport Other                    Translocation                3
   Passage of Golubria                Translocation                4


   Skills:
 - Level 1.5 Fighting
 - Level 2.1 Short Blades
 - Level 2.2 Throwing
 - Level 4.8 Dodging
 + Level 11.7 Stealth
 - Level 4.0 Spellcasting
 - Level 4.4 Translocations
 * Level 1.0 Invocations


You had 4 spell levels left.
You knew the following spells:

 Your Spells              Type           Power        Failure   Level  Hunger
a - Apportation           Tloc           ###.......   3%          1    None
b - Portal Projectile     Tloc           ###...       6%          2    ##.....
c - Blink                 Tloc           N/A          6%          2    ##.....
d - Teleport Other        Tloc           ###.....     12%         3    ###....
e - Shroud of Golubria    Chrm/Tloc      #.........   12%         2    ##.....


Dungeon Overview and Level Annotations

Branches:
Dungeon (6/27)             Temple (0/1) D:5             Orc (0/4) D:6

Altars:
Elyvilon
Fedhas
Yredelemnul

Shops:
D:6: ((*[

Annotations
D:4 Blork the orc, Pikel


Innate Abilities, Weirdness & Mutations

You are tiny and cannot use many weapons and most armour.
You have supernaturally acute eyesight.
You are a herbivore.
You cover ground extremely quickly.
You need consume almost no food.


Message History

You hit the centaur but do no damage.
The centaur is heavily wounded.
The centaur misses you.
You hit the centaur.
The centaur is severely wounded.
The centaur misses you.
You hit the centaur.
The centaur is almost dead.
The centaur closely misses you. The centaur hits you!
* * * LOW HITPOINT WARNING * * *
You barely miss the centaur.
The centaur is almost dead.
The centaur barely misses you.
You hit the centaur.
The centaur is almost dead.
The centaur hits you.
* * * LOW HITPOINT WARNING * * *
The centaur hits you.
You die...
Fedhas appreciates your contribution to the ecosystem.

.#...#### ##......#
###....f###
.###......####
.∩####...f#..# ###
...# ##...f..#####$.#
...# ##..(...∩#....#
...####........#....#
..##..#...##(...@c.#
..#...#....#.......#
###...##...###...###
#.....##.....#.(..
#....####....##....
##....# #.....##....
......# ##....##...#
....### #....##..
......### #..>.#


You could see a centaur and 2 friendly wandering mushrooms.

Vanquished Creatures
  An ogre (D:4)
  3 orc warriors (D:6)
  A sky beast (D:5)
  4 crimson imps
  A hound (D:5)
  An orc wizard (D:6)
  3 worker ants
  Ijyb (D:3)
  A hound skeleton (D:5)
  Terence (D:2)
  A spectral human (D:5)
  6 adders
  3 giant geckos
  7 orcs
  4 bats
  5 giant cockroaches
  7 goblins
  10 hobgoblins
  A quokka (D:5)
  A ball python (D:3)
  3 giant newts
  A goblin skeleton (D:4)
  7 kobolds
  A kobold skeleton (D:6)
  11 rats
85 creatures vanquished.

Vanquished Creatures (collateral kills)
  A mummy (D:6)
  A giant gecko (D:6)
  An orc (D:6)
3 creatures vanquished.

Vanquished Creatures (others)
  2 wandering mushrooms (D:6)
  An orc warrior (D:6)
  An orc wizard (D:6)
  2 orcs (D:6)
  29 toadstools
35 creatures vanquished.

Grand Total: 123 creatures vanquished

Notes
Turn   | Place    | Note
--------------------------------------------------------------
     0 | D:1      | Rycklaryybbe, the Spriggan Warper, began the quest for the Orb.
     0 | D:1      | Reached XP level 1. HP: 10/10 MP: 2/2
    41 | D:1      | Reached skill level 1 in Stealth
   460 | D:1      | Reached XP level 2. HP: 14/14 MP: 5/5
   498 | D:1      | Learned a level 2 spell: Portal Projectile
  1182 | D:2      | Noticed Terence
  1975 | D:2      | Reached XP level 3. HP: 14/18 MP: 3/8
  2431 | D:2      | Killed Terence
  2586 | D:2      | Learned a level 2 spell: Blink
  2590 | D:2      | Learned a level 3 spell: Teleport Other
  2754 | D:2      | Reached XP level 4. HP: 18/22 MP: 11/11
  3545 | D:3      | Noticed Ijyb
  3869 | D:4      | Noticed an ogre
  3921 | D:4      | Noticed Blork the orc
  3964 | D:4      | Killed an ogre
  3964 | D:4      | Reached skill level 6 in Stealth
  3964 | D:4      | Reached XP level 5. HP: 10/25 MP: 8/13
  4225 | D:3      | Learned a level 2 spell: Shroud of Golubria
  4252 | D:3      | Killed Ijyb
  4286 | D:3      | Found a blossoming altar of Fedhas.
  4286 | D:3      | Found a white marble altar of Elyvilon.
  4292 | D:3      | Became a worshipper of Fedhas Madash
  4471 | D:4      | Noticed a slave
  4472 | D:4      | Noticed a slave
  4473 | D:4      | Noticed a slave
  4574 | D:4      | Noticed a slave
  4575 | D:4      | Noticed Pikel
  4653 | D:5      | Entered Level 5 of the Dungeon
  4989 | D:5      | Found a staircase to the Ecumenical Temple.
  5267 | D:5      | Noticed a sky beast
  5308 | D:4      | Reached XP level 6. HP: 8/30 MP: 18/18
  5631 | D:5      | Reached skill level 7 in Stealth
  5836 | D:5      | Killed a sky beast
  5836 | D:5      | Reached skill level 8 in Stealth
  6424 | D:5      | Reached skill level 9 in Stealth
  7032 | D:5      | Found a basalt altar of Yredelemnul.
  7412 | D:6      | Reached XP level 7. HP: 34/34 MP: 20/20
  7683 | D:6      | Found Thragaat's Assorted Antiques.
  7685 | D:6      | Acquired Fedhas' first power
  7962 | D:6      | Reached skill level 10 in Stealth
  8003 | D:6      | Reached skill level 11 in Stealth
  8303 | D:6      | Found a staircase to the Orcish Mines.
  8391 | D:6      | Found Mutil's Antique Weapon Shop.
  8440 | D:6      | Reached skill level 1 in Invocations
  8500 | D:6      | Found Psaysh's Weapon Shoppe.
  8522 | D:6      | Found Sacviuv's Antique Armour Shop.
  8565 | D:6      | Slain by a centaur

Action                   |  1- 3 |  4- 6 |  7- 9 || total
-------------------------+-------+-------+-------++-------
Melee: Short sword       |   127 |   386 |   100 ||   613
Throw: Dart              |   104 |    71 |    12 ||   187
       Club              |     5 |     6 |       ||    11
       Dagger            |       |     7 |     2 ||     9
       Hand axe          |       |     2 |       ||     2
 Cast: Portal Projectile |     8 |    12 |     2 ||    22
       Blink             |       |     1 |       ||     1
       Shroud of Golubri |       |     1 |       ||     1
Invok: Evolution         |       |       |     4 ||     4
  Use: Scroll            |     3 |     5 |     1 ||     9
       Potion            |       |     1 |       ||     1
 Stab: Sleeping          |     5 |     9 |     4 ||    18
       Confused          |       |       |     2 ||     2
